Cogmind - Beta 14 @@@ ROGUE MODE // 2024.11.25 @ 21:19:10 Player: UnderDoug Result: Destroyed by Y-54 Guardian with Gatling Laser Performance ------------- Evolutions (0) 0 Regions Visited (3) 600 Robots Destroyed (23) 115 Value Destroyed (587) 587 Prototype IDs (6) 120 Alien Tech Used (0) 0 Bonus (-7) -7 TOTAL SCORE: 1415 Bonus ------- Friendly Fire -7 Cogmind --------- Core Integrity 0/250 Matter 300/300 Energy 121/125 System Corruption 0% Temperature Cool (8) Movement Walking (190) Ox1 Location -7/Recycling Parts ------- > --- POWER (1) -------- Light Ion Engine > --- PROPULSION (2) --- Aluminum Leg Aluminum Leg > --- UTILITY (2) ------ Scrap Shield > --- WEAPON (2) ------- Light Cannon Grenade Launcher > --- INVENTORY (5) ---- Heat Sink Structural Scanner Core Shielding Peak State ------------ > --- POWER ------------ Light Ion Engine > --- PROPULSION ------- Aluminum Leg Aluminum Leg > --- UTILITY ---------- Scrap Shield > --- WEAPON ----------- Light Cannon Grenade Launcher > --- INVENTORY -------- Heat Sink Structural Scanner Core Shielding [Rating: 9] Favorites ----------- Power Light Ion Engine Engine Light Ion Engine Propulsion Aluminum Leg Treads Light Treads Leg Aluminum Leg Utility Structural Scanner Device Structural Scanner Storage Medium Storage Unit Protection Scrap Shield Weapon Light Cannon Energy Cannon Beam Cannon Ballistic Gun Light Assault Rifle Ballistic Cannon Light Cannon Launcher Grenade Launcher Build | -11 -10 -10 -7 ------- Run | Yrd Mat Sub Rec Slots Evolved . | . . . . Power . | . . . . Propulsion . | . . . . Utility . | . . . . Weapon . | . . . . Parts Attached 27 | 5 20 2 . Power 3 | 1 2 . . Engine 3 | 1 2 . . Core . | . . . . Reactor . | . . . . Propulsion 8 | 2 6 . . Treads 2 | . 2 . . Leg 6 | 2 4 . . Wheel . | . . . . Hover . | . . . . Flight . | . . . . Utility 7 | . 6 1 . Device 1 | . 1 . . Storage 4 | . 4 . . Processor . | . . . . Hackware . | . . . . Protection 2 | . 1 1 . Artifact . | . . . . Weapon 9 | 2 6 1 . Energy Gun . | . . . . Energy Cannon 2 | . 2 . . Ballistic Gun 3 | 2 1 . . Ballistic Cannon 2 | . 2 . . Launcher 2 | . 1 1 . Special Weapon . | . . . . Impact Weapon . | . . . . Slashing Weapon . | . . . . Piercing Weapon . | . . . . Special Melee Weapon . | . . . . Unidentified Prototypes . | . . . . Parts Lost 4 | . 4 . . Power 1 | . 1 . . Propulsion 2 | . 2 . . Utility . | . . . . Weapon 1 | . 1 . . Highest Loss Streak 4 | . 4 . . To Critical Strikes . | . . . . Average Slot Usage (%) 93 | . 95 86 85 Engine 13 | . 13 14 14 Treads 12 | . 15 . . Leg 15 | . 11 28 28 Device 8 | . 11 . . Storage 8 | . 11 1 . Protection 4 | . 1 14 14 Energy Cannon 8 | . 10 . . Ballistic Gun 4 | . 5 . . Ballistic Cannon 8 | . 7 14 14 Launcher 6 | . 4 14 14 Peak Build Rating 9 | 5 8 9 9 Average Rating 7 | 3 7 8 9 On Entrance 5 | . 5 7 9 Naked Turns . | . . . . Heaviest Build 88 | 6 88 27 27 Greatest Support 40 | 20 40 20 20 Greatest Overweight (x) 4 | . 4 1 1 Average Overweight (x) . | . . 1 1 Largest Inventory Capacity 25 | 5 25 10 5 Average Capacity 8 | 5 9 5 5 Most Carried 10 | 5 10 8 4 Average Carried 6 | 2 7 3 3 Final Capacity 10 | 5 10 5 5 Final Carried 6 | 5 6 3 3 Class Distribution -------------------- 100% | Mutant Dominant Class ---------------- Mutant | -10/Materials Mutant | -10/Subcaves Mutant | -7/Recycling Resources | -11 -10 -10 -7 ----------- Run | Yrd Mat Sub Rec Matter Collected 739 | 265 354 60 60 Remotely . | . . . . Salvage Created 650 | 40 602 8 . Parts 46 | 2 41 3 . Haulers Intercepted . | . . . . Recyclers Shooed . | . . . . Parts Field Recycled . | . . . . Retrieved Matter . | . . . . Parts Self-Destructed 7 | . . 7 . Prevented . | . . . . Kills | -11 -10 -10 -7 ------- Run | Yrd Mat Sub Rec Combat Hostiles Destroyed 18 | 1 15 2 . Guns 3 | 1 2 . . Cannons 12 | . 11 1 . AOE 3 | . 2 1 . Classes Destroyed 5 | 1 4 . . Builder 1 | . 1 . . Recycler 1 | . 1 . . Watcher 3 | . 3 . . Swarmer 5 | . 3 2 . Grunt 13 | 1 12 . . Best Kill Streak 3 | 1 3 2 . Combat Bots Only 3 | 1 3 2 . Max Kills in Single Turn 2 | 1 1 2 . Gunslinging . | . . . . Exploded 1 | . 1 1 . Melee . | . . . . Uniques/NPCs Destroyed . | . . . . Combat | -11 -10 -10 -7 -------- Run | Yrd Mat Sub Rec Hostile Shots Fired 178 | 13 101 34 30 Missed 65 | 4 39 13 9 Damage Taken 1109 | 102 673 178 156 Core 258 | 58 151 38 11 Absorbed by Shields . | . . . . Regen/Repaired (Parts) 224 | . 224 . . Core Remaining (%) 76 | 76 . . . Volleys Fired 62 | 9 50 3 . Largest 2 | 2 2 2 . Hottest 120 | 40 120 65 . Shots Fired 112 | 18 89 5 . Gun 29 | 18 11 . . Cannon 77 | . 74 3 . Launcher 6 | . 4 2 . Special . | . . . . Kinetic 47 | 18 26 3 . Thermal 59 | . 59 . . Explosive 6 | . 4 2 . Electromagnetic . | . . . . Robot Hit Streak 7 | 2 7 . . Robot Miss Streak 4 | 2 4 1 . Penetration Max . | . . . . Secondary Targets . | . . . . Shots Hit Robots 58 | 10 48 . . Core Hits 34 | 2 25 7 . Critical Kills . | . . . . Critical Parts Destroyed 1 | . 1 . . Critical Strikes 2 | . 2 . . Destroy 1 | . 1 . . Blast 1 | . 1 . . Melee Attacks . | . . . . Impact . | . . . . Slashing . | . . . . Piercing . | . . . . Sneak Attacks . | . . . . Combat Hostiles . | . . . . Follow-up Attacks . | . . . . Damage Inflicted 1152 | 111 963 78 . Guns 168 | 111 57 . . Cannons 780 | . 746 34 . Explosions 191 | . 147 44 . Melee . | . . . . Ramming 13 | . 13 . . Kinetic 367 | 111 222 34 . Thermal 581 | . 581 . . Explosive 191 | . 147 44 . Electromagnetic . | . . . . Impact . | . . . . Slashing . | . . . . Piercing . | . . . . Highest Corruption . | . . . . Average Corruption . | . . . . Corruption Purged . | . . . . Corruption Blocked . | . . . . Overload Shots . | . . . . Overflow Damage 10 | . 10 . . Projectiles 10 | . 10 . . Explosions . | . . . . Melee . | . . . . Knockbacks 1 | . 1 . . Impact . | . . . . Kinetic 1 | . 1 . . Secondary . | . . . . Self-Inflicted Damage 28 | . . 28 . Shots 1 | . . 1 . Rammed . | . . . . Targets Rammed 3 | . 3 . . Kicked 3 | . 3 . . Crushed . | . . . . Highest Temperature 537 | 12 537 . . Average Temperature 166 | 7 173 . . Received Heat Transfer 486 | 54 306 78 48 Effects 17 | . 17 . . Interference 5 | . 5 . . Matter Decay 2 | . 2 . . Short Circuit 1 | . 1 . . Damage (minor) 1 | . 1 . . Damage (major) 8 | . 8 . . Siege Activations . | . . . . Robots Corrupted . | . . . . Combat Hostiles . | . . . . Parts Fried . | . . . . Impact Corruptions . | . . . . Robots Melted . | . . . . Combat Hostiles . | . . . . Parts Melted . | . . . . Heat Transferred 1221 | . 1221 . . Parts Sabotaged . | . . . . Parts Stolen . | . . . . Parts Stripped . | . . . . Power Chain Reactions . | . . . . Alert | -11 -10 -10 -7 ------- Run | Yrd Mat Sub Rec Peak Influence 191 | 20 191 . 82 Initial 70 | . 13 . 70 Average 87 | 1 96 . 77 Maximum Alert Level . | . . . . Low Security (%) 100 | 100 100 . 100 Level 1 . | . . . . Level 2 . | . . . . Level 3 . | . . . . Level 4 . | . . . . Level 5 . | . . . . High Security . | . . . . Max Security . | . . . . Squads Dispatched 4 | . 4 . . Investigation 3 | . 3 . . Extermination . | . . . . Reinforcement 1 | . 1 . . Assault . | . . . . Garrison . | . . . . Intercept . | . . . . Searches Triggered . | . . . . Construction Impeded . | . . . . Haulers Reinforced . | . . . . Active Scanning Responses . | . . . . Cargo Convoy Interrupts . | . . . . Stealth | -11 -10 -10 -7 --------- Run | Yrd Mat Sub Rec Distress Signals . | . . . . Communications Jammed . | . . . . Distress Signals . | . . . . Times Spotted 28 | 1 20 6 1 Peak Tracking Total 6 | 1 3 6 1 Tactical Retreats 2 | . . 2 . Traps | -11 -10 -10 -7 ------- Run | Yrd Mat Sub Rec Traps Triggered 2 | . 2 . . Indirectly . | . . . . Trap Hack Attempts . | . . . . Triggered . | . . . . Disarmed . | . . . . Reprogrammed . | . . . . Reused . | . . . . Traps Extracted . | . . . . Installed . | . . . . Triggered . | . . . . Machines | -11 -10 -10 -7 ---------- Run | Yrd Mat Sub Rec Machines Disabled 1 | . 1 . . Max in Single Turn 1 | . 1 . . Machines Repaired . | . . . . Machines Dismantled . | . . . . Machines Sabotaged . | . . . . Overloaded Fab Kills . | . . . . Hacking | -11 -10 -10 -7 --------- Run | Yrd Mat Sub Rec Machines Accessed 11 | . 7 . 4 Terminals 8 | . 5 . 3 Fabricators . | . . . . Repair Stations 1 | . 1 . . Recycling Units 2 | . 1 . 1 Scanalyzers . | . . . . Garrison Access . | . . . . Total Hacks 43 | . 25 . 18 Successful 27 | . 17 . 10 Failed 16 | . 8 . 8 Catastrophic 1 | . . . 1 Database Lockouts . | . . . . Manual . | . . . . Terminals 34 | . 21 . 13 Fabricators . | . . . . Repair Stations 3 | . 3 . . Recycling Units 6 | . 1 . 5 Scanalyzers . | . . . . Garrison Access . | . . . . Terminal Hacks 23 | . 14 . 9 Record 9 | . 5 . 4 Robot Analysis 1 | . . . 1 Prototype ID Bank 3 | . 1 . 2 Emergency Access Points 1 | . 1 . . Terminal Index 1 | . . . 1 Repair Station Index 1 | . 1 . . Scanalyzer Index 1 | . . . 1 Alert Level 1 | . 1 . . Dispatch Records 1 | . 1 . . Maintenance Status 1 | . 1 . . Transport Status 1 | . 1 . . Investigation Status 1 | . 1 . . Reinforcement Status 1 | . 1 . . Fabricator Hacks . | . . . . Repair Station Hacks 2 | . 2 . . Scan Component 1 | . 1 . . Repair 1 | . 1 . . Recycling Unit Hacks 2 | . 1 . 1 Report Inventory 2 | . 1 . 1 Scanalyzer . | . . . . Garrison Access Hacks . | . . . . Unauthorized Hacks . | . . . . Terminals . | . . . . Fabricators . | . . . . Repair Stations . | . . . . Recycling Units . | . . . . Scanalyzers . | . . . . Garrison Access . | . . . . Data Cores Recovered . | . . . . Used . | . . . . Hacking Detections 9 | . 5 . 4 Full Trace Events 3 | . 1 . 2 Feedback Events . | . . . . Feedback Blocked . | . . . . Robot Schematics Acquired . | . . . . Robots Built . | . . . . Authchips . | . . . . Time . | . . . . Total Robot Build Rating . | . . . . Part Schematics Acquired . | . . . . Parts Built . | . . . . Authchips . | . . . . Time . | . . . . Total Part Build Rating . | . . . . Parts Repaired 1 | . 1 . . Time 26 | . 26 . . Parts Recycled . | . . . . Recycled Matter . | . . . . Retrieved Matter . | . . . . Retrieved Components . | . . . . Parts Scanalyzed . | . . . . Part Schematics Acquired . | . . . . Parts Damaged . | . . . . Bothacking | -11 -10 -10 -7 ------------ Run | Yrd Mat Sub Rec Used RIF Installer . | . . . . Robots Hacked . | . . . . Non-combat . | . . . . Combat . | . . . . Robot Hacks Applied . | . . . . Relay Couplers Released . | . . . . Fabnet Peak Effective % . | . . . . Robots Rewired . | . . . . Allies Hacked . | . . . . Hacks Repelled . | . . . . Allies | -11 -10 -10 -7 -------- Run | Yrd Mat Sub Rec Total Allies . | . . . . Largest Group . | . . . . Highest-Rated Group . | . . . . Highest-Rated Ally . | . . . . Total Orders . | . . . . Ally Attacks . | . . . . Total Damage . | . . . . Kills . | . . . . Allies Corrupted . | . . . . Allies Melted . | . . . . Intel | -11 -10 -10 -7 ------- Run | Yrd Mat Sub Rec Robot Analysis Total 1 | . . . 1 Derelict Logs Recovered . | . . . . Drone Launches . | . . . . Drone Recoveries . | . . . . Exploration | -11 -10 -10 -7 ------------- Run | Yrd Mat Sub Rec Turns Passed 1991 | 118 1421 92 360 Spaces Moved 1102 | 79 797 39 187 Core 27 | 25 2 . . Treads 431 | . 431 . . Legs 644 | 54 364 39 187 Wheels . | . . . . Hover . | . . . . Flight . | . . . . Fastest Speed 50 | 50 120 190 190 Average Speed 154 | 97 149 190 190 Slowest Speed 320 | 120 320 190 190 Overloaded Moves . | . . . . Propulsion Burnouts . | . . . . Robots Hopped . | . . . . Cave-ins Triggered . | . . . . Exploration Rate (%) 35 | 8 97 4 33 Regions Visited 3 Branch Regions 2 Pre-discovered Areas . | . . . . Known Exits Taken . | . . . . Unknown Exits Taken 3 | 1 1 1 . Scrap Searched . | . . . . Spaces Dug . | . . . . Terrain Destroyed 36 | . 21 15 . Melee . | . . . . Projectile . | . . . . AOE 36 | . 21 15 . Terrain Rammed . | . . . . Walls Destroyed . | . . . . Machines Disabled . | . . . . Actions | -11 -10 -10 -7 --------- Run | Yrd Mat Sub Rec Total 1291 | 103 940 54 194 Wait 39 | 1 33 5 . Move 1099 | 78 796 38 187 Hop . | . . . . Pick Up 36 | 10 24 1 1 Fast Attach 1 | . 1 . . Attach 14 | 5 8 1 . Detach 2 | . 1 1 . Swap 12 | . 11 1 . Drop 18 | . 13 4 1 Fire 62 | 9 50 3 . Melee . | . . . . Ram . | . . . . Kick 3 | . 3 . . Crush . | . . . . Escape Stasis . | . . . . Rewire 5 | . . . 5 Trap . | . . . . Miscellaneous . | . . . . Route ------- -11/Scrapyard -10/Materials (discovered 5 exits: [*Mat x3] / [*Min] / [*Sub]) -10/Subcaves -7/Recycling History --------- Turn | Location | Event 2 | -11/Scrapyard | Met Revision 17 78 | -11/Scrapyard | Discovered new exit (range 8) 119 | -11/Scrapyard | Entered Materials 312 | -10/Materials | Build established: Mutant 462 | -10/Materials | Discovered new exit (range 16) 632 | -10/Materials | Discovered new exit (range 11) 864 | -10/Materials | Discovered new exit (range 13) 934 | -10/Materials | Core integrity fell below 50% 994 | -10/Materials | Lost 4 parts (1p2n1w) 1002 | -10/Materials | Discovered new exit (range 9) 1148 | -10/Materials | Core integrity fell below 20% 1340 | -10/Materials | Repaired Med. Storage Unit 1527 | -10/Materials | Discovered new exit (range 8) 1540 | -10/Materials | Entered Subcaves 1578 | -10/Subcaves | Discovered new exit (range 14) 1632 | -10/Subcaves | Entered Recycling 1633 | -7/Recycling | Met a Zionite searching for Scraptown 1992 | -7/Recycling | Destroyed by Y-54 Guardian with Gatling Laser Last Messages --------------- Fireman Tiers: 5, 7 The fireman is a relatively new robot discovered in the caves, purely of derelict design. Their flamer technology is extremely effective against my robots, thus I've instructed researchers to revisit my most common methods of electronics housing. Attempting to rewire R-06 Scavenger. R-06 Scavenger is unpowered. Attempting to rewire R-06 Scavenger. R-06 Scavenger is unpowered. Attempting to rewire R-06 Scavenger. R-06 Scavenger is unpowered. Attempting to rewire R-06 Scavenger. R-06 Scavenger is unpowered. Connecting with Recycling Unit... Attempting to rewire Y-54 Guardian. Y-54 Guardian is dormant, system inaccessible. Y-54 Guardian springs to life. Map ----- +----------------------------------------------------+ | ?????????????????????????????????????????????????? | | ?????????????????????????????????????????????????? | | ?????????????????????????????????????????????????? | | ?????????????????????????????????????????????????? | | ?????????????????????????????????????????????????? | | ?????????????????????????????????????????????????? | | ?????????????????????????????????????????????????? | | ?????????????????????????????????????????????????? | | ?????????????????????????????????????????????????? | | ?????????????????????????????????????????????????? | | ?????????????????????????????????????????????????? | | ?????????????????????????????????????????????????? | | ?????????????????????????????????????????????????? | | ?????????????????????????????????????????????????? | | ?????????????????????????????????????????????????? | | ?????????????????????????????????????????????????? | | ?????????????????????????????????????????????????? | | ?????????????????????????????????????????????????? | | ?????????????????????????????????????????????????? | | ???????????????????#######+######????????????????? | | ?????????????????? # ?????????????????? | | ?????????????????? / ?????????????????? | | ???????????????????# """"" """""?????????????????? | | ???????????????????# """"" """"" ???????????????## | | ???????????????????# """"" """"" #??????????????# | | ???????????????????# Y @ #??????????????# | | ###########?????####/#####+#######???####???????# | | """ #??#### ## #???# # !!#?????#T"#???????# | | "Y" """ #??# #??## #! !####### "######### | | " " """"" #??# #######?# # | | """"" #### #! !! ### + | | """"" + #!!! + # | | """ ### #!! !!### ################# # | | #?# # !! #?# #???????????????# # | | #+#####+##### # ! !#?# #???????????????# # | | + #?# #???????????????# # | | # ! #?# #???????????????# ## | | " # #?# +???????????????# #? | | #+## T """ #######?# #??????????????## ## | | # " """ #######?# #??????????????# # | | # """ ? #??????????????# | | # ?? #??????????????# T | | # ######??##+##??????????????# | | # ##??????????????????????????# # | | + #???????????????????????????####### | | # ##+######+#?????????????????????????????????? | | # # #?????????????????????????????????? | | # # T """ #?????????????????????????????????? | | # # """ #?????????????????????????????????? | | # # """ #?????????????????????????????????? | +----------------------------------------------------+ Best States ------------- Heat Dissipation 25 Energy Generation 10 Energy Capacity 125 Matter Stores 300 Matter Capacity 300 Sight Range 16 Terrain Scan Density 10 Armor Coverage 800 Evasion (%) 55 Recoil Reduction 2 Item Schematics ----------------- None Robot Schematics ------------------ None Fabricated ------------ Nothing Alien Tech Used ----------------- None Achievements -------------- None Challenges ------------ None Game ------ Seed HoverTargetingReconfigurator Manual? 0 Play Time 00:28:59 Cumulative 2.3 hours Start 2024.11.25 @ 20:49:29 End 2024.11.25 @ 21:19:10 Sessions 1 Manual Loads 0 Difficulty Rogue Special Mode None Game No. 3 Rogue 3 Adventurer 0 Explorer 0 Win Type - Total 0 Types 0/0/0/0/0/0/0/0/0 Lore% 4 Gallery% 4 Achievement% 6 Wizard Run 0 Options --------- Layout 1 ASCII 0 Keyboard 0 Movement Numpad Keybinds 0 Fullscreen 2 Font 24/Tamsyn Map View 50x35 Zoom Use 0% Tactical HUD 0 Map Filters NONE Filters NONE Steam 0 RUN: f0f0d8d0-e0ac-480f-b19c-9b228e42cb53